 Dungeon Crawl Stone Soup version 0.25-a0-617-g20d90ebb82 (webtiles) character file.

Game seed: 16446104063730348343, levelgen mode: deterministic

9158 CryoSword the Destroyer (level 11, -27/66 HPs)
             Began as a Tengu Conjurer on Mar 18, 2020.
             Was a Priest of Vehumet.
             Killed from afar by Erolcha (49 damage)
             ... with a crystal spear
             ... on level 11 of the Dungeon.
             The game lasted 01:33:57 (16024 turns).

CryoSword the Destroyer (Tengu Conjurer)           Turns: 16024, Time: 01:33:58

Health: -27/66     AC:  8    Str:  9    XL:     11   Next: 42%
Magic:  21/37      EV: 18    Int: 21    God:    Vehumet [***...]
Gold:   563        SH:  8    Dex: 18    Spells: 2/20 levels left

rFire    . . .     SeeInvis .   A - +2 dagger (venom)
rCold    . . .     Gourm    .   j - +0 buckler
rNeg     . . .     Faith    .   m - +2 leather armour of Oblivion {Int+2 Dex+4}
rPois    .         Spirit   .   (helmet restricted)
rElec    .         Reflect  +   (no cloak)
rCorr    .         Harm     .   L - +2 pair of gloves
MR       .....                  (boots unavailable)
Stlth    +++.......             x - +3 amulet of reflection
HPRegen  0.21/turn              F - ring of magical power
MPRegen  0.25/turn              N - ring of magical power

@: flying quickly and evasively, slowed, very slow
A: beak, talons 3, able to fly
a: Stop Flying, Renounce Religion


You were on level 11 of the Dungeon.
You worshipped Vehumet.
Vehumet was most pleased with you.
You were hungry.

You visited 2 branches of the dungeon, and saw 12 of its levels.

You collected 563 gold pieces.

Inventory:

Hand Weapons
 A - a +2 dagger of venom (weapon)
   (You took it off an orc wizard on level 5 of the Dungeon)
Missiles
 a - 34 poisoned darts
 o - a throwing net {!f}
 u - 7 atropa-tipped darts
 y - 17 boomerangs (quivered)
Armour
 j - a +0 buckler (worn)
   (You took it off a gnoll sergeant on level 7 of the Dungeon)
 m - the +2 leather armour of Oblivion (worn) {Int+2 Dex+4}
   (You took it off a wight on level 5 of the Dungeon)

   It affects your intelligence (+2).
   It affects your dexterity (+4).
 E - the +2 leather armour "Zilono" {rF+}
   (You found it on level 7 of the Dungeon)

   It protects you from fire.
 J - a +0 cloak
   (You found it on level 10 of the Dungeon)
 L - a +2 pair of gloves (worn)
   (You found it on level 8 of the Dungeon)
Jewellery
 t - an uncursed ring of ice
   (You found it on level 3 of the Dungeon)
 v - an uncursed amulet of the acrobat
   (You found it on level 4 of the Dungeon)
 x - a +3 amulet of reflection (around neck)
   (You found it on level 4 of the Dungeon)
 F - a ring of magical power (left hand)
   (You found it on level 6 of the Dungeon)
 N - a ring of magical power (right hand)
   (You found it on level 10 of the Dungeon)
Wands
 l - a wand of polymorph (6)
   (You took it off Ijyb on level 3 of the Dungeon)
 G - a wand of paralysis (4)
   (You found it on level 7 of the Dungeon)
 K - a wand of acid (8)
   (You found it on level 8 of the Dungeon)
Scrolls
 b - 4 scrolls of identify {@r1}
 d - 6 scrolls of teleportation {@r4}
 e - 4 scrolls of amnesia {unknown}
 g - 4 scrolls of remove curse {@r2}
 p - a scroll of silence {unknown}
 q - a scroll of enchant armour {unknown}
 w - a scroll of blinking {unknown}
 B - 2 scrolls of enchant weapon {unknown}
 I - a scroll of magic mapping {unknown}
 M - a scroll of torment {unknown}
Potions
 f - 3 potions of haste {@q3}
 h - 4 potions of might
 i - 2 potions of degeneration {unknown}
 k - a potion of brilliance
 n - 5 potions of curing {@q1}
 r - a potion of lignification {unknown}
 s - 5 potions of heal wounds {@q2}
 z - 3 potions of flight {unknown}
 C - a potion of invisibility {unknown}
 D - 3 potions of stabbing {unknown}
Miscellaneous
 H - a crystal ball of energy
   (You found it on level 9 of the Dungeon)
Comestibles
 c - 26 rations {!d}
 O - 4 chunks of flesh


   Skills:
 + Level 6.4 Fighting
 + Level 4.6 Short Blades
 + Level 6.1 Dodging
 + Level 4.8 Stealth
 - Level 4.1 Shields
 - Level 5.2 Spellcasting
 * Level 12.5 Conjurations
 * Level 4.5 Hexes
 * Level 4.6 Translocations


You had 2 spell levels left.
You knew the following spells:

 Your Spells              Type           Power        Failure   Level  Hunger
a - Shock                 Conj/Air       ####         1%          1    None
b - Searing Ray           Conj           ######       1%          2    None
c - Dazzling Flash        Conj/Hex       #####.       1%          3    ##.....
d - Static Discharge      Conj/Air       ####....     1%          3    ##.....
e - Fulminant Prism       Conj/Hex       #####.....   1%          4    ####...
f - Iskenderun's Mystic   Conj/Tloc      #####...     1%          4    ####...
g - Magic Dart            Conj           ####         1%          1    None

Your spell library contained the following spells:

 Spells                   Type           Power        Failure   Level  Hunger
 Olgreb's Toxic Radiance  Pois           #.......     36%         4    ####...
 Corona                   Hex            ###....      2%          1    None
 Sandblast                Erth           #.....       4%          1    None
 Ensorcelled Hibernation  Hex/Ice        ##....       9%          2    None
 Passwall                 Tmut/Erth      #.......     22%         2    None
 Stone Arrow              Conj/Erth      ####..       1%          3    ##.....
 Confusing Touch          Hex            ###.....     7%          3    ##.....
 Tukima's Dance           Hex            ###.....     7%          3    ##.....
 Spectral Weapon          Hex/Chrm       ##......     19%         3    ##.....
 Cause Fear               Hex            ###.......   24%         4    ####...
 Vampiric Draining        Necr           #.........   41%         3    ##.....
 Leda's Liquefaction      Hex/Erth       ##........   52%         4    ####...
 Lee's Rapid Deconstruct  Erth           #.........   67%         5    #####..
 Petrify                  Tmut/Erth      #.......     83%         4    ####...
 Death Channel            Necr           #.........   100%        6    #######


Dungeon Overview and Level Annotations

Branches:
Dungeon (11/15)            Temple (1/1) D:5            Lair (0/6) D:10
    Orc (0/2) D:10

Altars:
Ashenzari
Cheibriados
Dithmenos
Elyvilon
Fedhas
Gozag
Hepliaklqana
Kikubaaqudgha
Makhleb
Nemelex Xobeh
Okawaru
Qazlal
Ru
Sif Muna
Trog
Uskayaw
Vehumet
Wu Jian
Xom
Yredelemnul
Zin
The Shining One

Shops:
D:5 ::

Annotations:
D:8 2 runed translucent doors, einarkeyser's ghost, novice DrTm
D:11 Erolcha


Innate Abilities, Weirdness & Mutations

You have a beak for a mouth.
You have claws for feet.
You can fly continuously.


Message History

Confirm with . or Enter, or press ? or * to list all spells.
Aiming: Fulminant Prism (safe; 1% risk of failure)
Press: ? - help, Dir - move target cursor You conjure a prism of explosive energy!
You are feeling hungry.
A fulminant prism comes into view.
You feel sick.
The wight hits your fulminant prism with a cursed +4 dagger.
A wight comes into view. It is wielding a +1 morningstar.
Casting: Fulminant Prism (safe; 1% risk of failure)
Confirm with . or Enter, or press ? or * to list all spells.
Aiming: Shock (safe; 1% risk of failure)
Press: ? - help, Shift-Dir - straight line, f - fulminant prism
Aim: a fulminant prism (moderately damaged, friendly)
Okay, then.
You feel sick.
The wight hits your fulminant prism with a cursed +4 dagger.
You see here an orc skeleton.
Your fulminant prism crackles loudly.
The wight hits your fulminant prism with a cursed +4 dagger!
Your fulminant prism explodes!
The blast of energy engulfs the wight.
The wight is lightly damaged.
Casting: Shock (safe; 1% risk of failure)
Confirm with . or Enter, or press ? or * to list all spells.
You don't have enough magic to cast that spell.
You feel sick.
Items here: )))) [[[ รทรท
Found a scroll labeled ZEITTE GUGI.
Found an escape hatch in the ceiling.
There is an open door here.
You feel sick.
You feel sick.
You feel sick.
There is an escape hatch in the ceiling here.
You feel sick. A mysterious force pulls you upwards.
The hatch slams shut behind you.
You start resting.
Eating one of 5 chunks of flesh.
You eat one of the 5 chunks of flesh.
This raw flesh tastes terrible.
You feel sick. x4
You are no longer poisoned.
You start resting.
HP restored.
There is an escape hatch in the ceiling here.
There is a stone staircase leading up, spattered with blood here.
Things that are here:
a +0 plate armour; a +0 scimitar
There is an open door, spattered with blood here.
You see here a quarterstaff.
You see here a +0 war axe.
Things that are here:
a +0 chain mail; a +0 halberd
There is an open door here.
Magic restored.
There is a stone staircase leading down here.
You fly downwards.
Found a potion of curing.
Found a stone staircase leading up.
There is a stone staircase leading up here.
You fly upwards.
There is a stone staircase leading down here.
Unknown command.
You fly downwards.
There is a stone staircase leading up here.
n - 6 potions of curing {@q1} (gained 1)
You reach down and open the door.
There is an open door here.
You reach down and open the door.
An iguana and Erolcha come into view.
Erolcha is wielding a +0 giant spiked club and carrying a wand of polymorph (12).
Found a brown potion.
Casting: Shock (safe; 1% risk of failure)
Confirm with . or Enter, or press ? or * to list all spells.
Aiming: Fulminant Prism (safe; 1% risk of failure)
Press: ? - help, Dir - move target cursor You conjure a prism of explosive energy!
The iguana hisses angrily.
A fulminant prism comes into view.
A two-headed ogre comes into view. It is wielding two +0 giant clubs.
Casting: Fulminant Prism (safe; 1% risk of failure)
Confirm with . or Enter, or press ? or * to list all spells.
Aiming: Shock (safe; 1% risk of failure)
Press: ? - help, Shift-Dir - straight line, f - fulminant prism
Aim: a fulminant prism (friendly) Really fire at your fulminant prism?
The zap hits your fulminant prism.
Your fulminant prism resists.
Your fulminant prism is lightly damaged.
The zap hits the two-headed ogre.
The two-headed ogre is lightly wounded.
Erolcha mumbles some strange words.
Erolcha seems to speed up.
Your fulminant prism crackles loudly.
Casting: Shock (safe; 1% risk of failure)
Confirm with . or Enter, or press ? or * to list all spells.
Aiming: Fulminant Prism (safe; 1% risk of failure)
Press: ? - help, Dir - move target cursor, p - fulminant prism You conjure a prism of explosive energy!
A fulminant prism comes into view.
Erolcha hits your fulminant prism with a cursed +0 giant spiked club!!
Your fulminant prism detonates feebly.
Your fulminant prism explodes!
The blast of energy engulfs the iguana!!
You kill the iguana!
Vehumet accepts your kill.
You feel your power returning.
The blast of energy engulfs Erolcha!
Erolcha is lightly wounded.
The blast of energy engulfs the two-headed ogre!!
The two-headed ogre is heavily wounded.
Casting: Fulminant Prism (safe; 1% risk of failure)
Confirm with . or Enter, or press ? or * to list all spells.
Aiming: Fulminant Prism (safe; 1% risk of failure)
Press: ? - help, Dir - move target cursor You conjure a prism of explosive energy!
A fulminant prism comes into view.
Erolcha gestures at you while chanting. The bolt of cold misses you.
There is an open door here.
Casting: Fulminant Prism (safe; 1% risk of failure)
Confirm with . or Enter, or press ? or * to list all spells.
A centaur warrior skeleton comes into view.
Your fulminant prism crackles loudly.
Erolcha growls.
The centaur warrior skeleton hits your fulminant prism but does no damage.
Casting: Dazzling Flash (safe; 1% risk of failure)
Confirm with . or Enter, or press ? or * to list all spells.
Erolcha is struck by an arc of lightning!
Erolcha is moderately wounded.
You are struck by an arc of lightning.
Erolcha is struck by an arc of lightning.
Erolcha is heavily wounded.
The lightning grounds out.
You are feeling hungry.
Erolcha points at you and mumbles some strange words.
The bolt of cold hits you!
Your fulminant prism explodes!
The blast of energy engulfs the two-headed ogre!
The two-headed ogre is almost dead.
The blast of energy engulfs the centaur warrior skeleton!
The centaur warrior skeleton is lightly damaged.
The blast of energy engulfs Erolcha!
Erolcha is severely wounded.
Erolcha casts a spell at you.
You feel yourself slow down. Erolcha casts a spell at you.
The crystal spear hits you!!!
Ouch! That really hurt!
* * * LOW HITPOINT WARNING * * *
You feel better. Erolcha casts a spell at you. The crystal spear hits you!!!
Ouch! That really hurt!
You die...

....# #......# ....#
#......# ...!# #......#
Z.. ##'##### ###O# #..#
#...# ##.## ####O######
#..# #....O....# ##.#
#.....@<..# ######'###
#.........# ..........#
#.........##..........#
#..........#..........#
#.......<.............#
#.........#...........#
######....#...........#
##...# ..........'
##.... .........#


You could see a two-headed ogre and Erolcha.

Vanquished Creatures
  A hydra (D:10)
  A two-headed ogre (D:8)
  An unseen horror (D:10)
  Pikel (D:6)
  An ugly thing (D:9)
  2 dream sheep (D:10)
  2 hippogriffs
  2 yaks (D:10)
  2 water moccasins
  3 ice beasts
  A sky beast (D:5)
  3 orc warriors (D:10)
  2 slaves (D:6)
  A black bear (D:8)
  A necrophage (D:9)
  6 ogres
  2 centaurs
  3 big kobolds (D:10)
  8 bullfrogs
  A gnoll sergeant (D:7)
  4 scorpions
  18 killer bees
  4 wights
  2 howler monkeys
  3 bullfrog zombies
  4 crimson imps
  A quasit (D:8)
  14 orc wizards
  7 hounds
  A centaur skeleton (D:8)
  6 orc priests
  3 iguanas
  Ijyb (D:3)
  8 worker ants
  A hound skeleton (D:10)
  Robin (D:2)
  A worker ant zombie (D:8)
  11 gnolls
  15 adders
  A shadow imp (D:6)
  3 oozes
  An adder skeleton (D:8)
  An adder zombie (D:9)
  3 worms
  2 leopard geckos
  45 orcs
  8 giant cockroaches
  13 goblins
  4 hobgoblins
  4 quokkas
  7 bats
  3 frilled lizards
  A giant cockroach zombie (D:5)
  A jackal skeleton (D:6)
  4 kobolds
  2 leopard gecko skeletons
  A leopard gecko zombie (D:6)
  A quokka zombie (D:6)
  6 rats
  3 fulminant prisms
  A plant (D:10)
264 creatures vanquished.

Vanquished Creatures (others)
  37 fulminant prisms
  A plant (D:10)
38 creatures vanquished.

Grand Total: 302 creatures vanquished

Notes
Turn   | Place    | Note
-------+----------+-------------------------------------------
     0 | D:1      | CryoSword the Tengu Conjurer began the quest for the Orb.
     0 | D:1      | Reached XP level 1. HP: 10/10 MP: 4/4
   118 | D:1      | Reached XP level 2. HP: 15/15 MP: 1/6
   122 | D:1      | Learned a level 2 spell: Searing Ray
  1138 | D:2      | Reached XP level 3. HP: 19/20 MP: 3/7
  1235 | D:2      | Noticed Robin
  1400 | D:2      | Killed Robin
  1405 | D:2      | Learned a level 3 spell: Dazzling Flash
  1659 | D:2      | Reached skill level 6 in Conjurations
  1804 | D:2      | Reached XP level 4. HP: 23/24 MP: 4/8
  1883 | D:2      | You fall into a shaft and drop 1 floor!
  2107 | D:2      | Reached skill level 1 in Fighting
  2854 | D:3      | Gained mutation: You can fly continuously. [Tengu growth]
  2854 | D:3      | Reached XP level 5. HP: 29/29 MP: 8/10
  2963 | D:3      | Noticed Ijyb
  3049 | D:3      | Killed Ijyb
  4022 | D:4      | Reached skill level 1 in Hexes
  4022 | D:4      | Reached XP level 6. HP: 35/35 MP: 4/12
  5102 | D:4      | Reached XP level 7. HP: 30/40 MP: 6/13
  5624 | D:5      | Entered Level 5 of the Dungeon
  5624 | D:5      | Found a staircase to the Ecumenical Temple.
  5643 | Temple   | Entered the Ecumenical Temple
  5719 | Temple   | Became a worshipper of Vehumet
  6097 | D:5      | Reached skill level 7 in Conjurations
  6375 | D:5      | Identified the +2 leather armour of Oblivion {Int+2 Dex+4}
  6376 | D:5      | Reached XP level 8. HP: 46/46 MP: 10/15
  6542 | D:5      | Found a burning altar of Makhleb.
  6542 | D:5      | Noticed a balrug
  6545 | D:5      | Noticed an orange demon
  6545 | D:5      | Noticed an orange demon
  6759 | D:5      | Found a burning altar of Makhleb.
  6941 | D:5      | Found Yngogihu's Book Shop.
  6951 | D:5      | Learned a level 4 spell: Fulminant Prism
  6956 | D:5      | Learned a level 4 spell: Iskenderun's Mystic Blast
  7024 | D:5      | Found Toodel's Book Shoppe.
  7062 | D:5      | Reached skill level 8 in Conjurations
  7400 | D:6      | Identified the Collected Works on Doomed Curses
  7490 | D:6      | Found a hazy altar of Hepliaklqana.
  7523 | D:6      | Reached * piety under Vehumet
  7523 | D:6      | Offered knowledge of Freeze by Vehumet.
  7534 | D:6      | Noticed Pikel
  7688 | D:6      | Killed Pikel
  7688 | D:6      | Reached skill level 5 in Dodging
  7688 | D:6      | Reached skill level 5 in Spellcasting
  7688 | D:6      | Reached skill level 9 in Conjurations
  7688 | D:6      | Reached skill level 1 in Translocations
  7688 | D:6      | Reached XP level 9. HP: 47/52 MP: 2/17
  9337 | D:7      | Got an encrusted leather armour
 10187 | D:8      | Reached skill level 1 in Shields
 10581 | D:8      | Found a large runed translucent door.
 10581 | D:8      | Found a large runed translucent door.
 10583 | D:8      | Noticed einarkeyser's ghost (novice DrTm)
 10737 | D:8      | Offered knowledge of Shock by Vehumet.
 10741 | D:8      | Learned a level 1 spell: Shock
 10742 | D:8      | Reached ** piety under Vehumet
 10795 | D:8      | Identified the +2 leather armour "Zilono" {rF+} (You found
                  | it on level 7 of the Dungeon)
 10949 | D:8      | Reached skill level 10 in Conjurations
 11156 | D:9      | Reached skill level 1 in Short Blades
 11215 | D:9      | Noticed a two-headed ogre
 11226 | D:8      | Killed a two-headed ogre
 11226 | D:8      | Reached skill level 5 in Fighting
 11226 | D:8      | Reached XP level 10. HP: 59/59 MP: 9/18
 11346 | D:9      | Noticed a red ugly thing
 12080 | D:9      | Killed a red ugly thing
 12197 | D:9      | Reached skill level 11 in Conjurations
 12812 | D:10     | Entered Level 10 of the Dungeon
 13107 | D:10     | Found a staircase to the Lair.
 13580 | D:10     | Offered knowledge of Static Discharge by Vehumet.
 13585 | D:10     | Learned a level 3 spell: Static Discharge
 13797 | D:10     | Reached skill level 12 in Conjurations
 13860 | D:10     | Reached XP level 11. HP: 64/64 MP: 19/19
 13915 | D:10     | Noticed a two-headed hydra
 13942 | D:10     | Killed a two-headed hydra
 14081 | D:10     | Found a staircase to the Orcish Mines.
 14562 | D:10     | Reached *** piety under Vehumet
 15471 | D:10     | Killed an unseen horror
 15798 | D:11     | Offered knowledge of Olgreb's Toxic Radiance by Vehumet.
 16014 | D:11     | Noticed Erolcha
 16015 | D:11     | Noticed a two-headed ogre
 16024 | D:11     | Killed from afar by Erolcha

Levels and vault maps discovered:
D:1:      moated_graveyard_arrival, layout_basic
D:2:      layout_loops_corners, uniq_robin
D:3:      layout_basic, chequers_serial_rivers_large_a, uniq_ijyb
D:4:      layout_cave_pools
D:5:      layout_rooms, makhleb_altar_promises_db,
          minmay_temple_entry_stoned_glass, serial_shops, shop, shop,
          first_ration, basic_altar, minmay_bent
D:6:      layout_rooms, basic_altar, minivault_5, uniq_pikel
D:7:      layout_layer_cave
D:8:      layout_gridville, ebering_ghost_disaster_area
D:9:      layout_stronghold
D:10:     layout_gridville, lair_entry_dummy, orc_0_dummy, hangedman_ranch
          [blue_anna_fruit_fields]
D:11:     layout_roguey, gammafunk_ghost_nasty_kobolds, minmay_shop_mayhem,
          uniq_erolcha
Temple:   grunt_wide_crystal_templ

Skill      XL: |  1  2  3  4  5  6  7  8  9 10 11 |
---------------+----------------------------------+-----
Conjurations   | 6 7 9 10 12 | 12.5
Fighting       | 1 2 3 4 5 6 |  6.4
Dodging        | 3 4 5 6 |  6.1
Spellcasting   | 3 4 5 |  5.2
Stealth        | 3 4 |  4.8
Hexes          | 1 2 3 4 |  4.5
Translocations | 1 2 3 4 |  4.6
Shields        | 3 4 |  4.1
Short Blades   | 2 4 |  4.6

Action                   |  1- 3 |  4- 6 |  7- 9 | 10-12 || total
-------------------------+-------+-------+-------+-------++-------
Melee: Unarmed           |     3 |       |       |       ||     3
       Kick              |     1 |     3 |     4 |     9 ||    17
       Dagger            |    12 |    18 |    24 |    25 ||    79
       Short sword       |     2 |       |       |       ||     2
       Peck              |     1 |     3 |     4 |     1 ||     9
 Cast: Magic Dart        |    34 |    63 |   147 |       ||   244
       Searing Ray       |    12 |    21 |    74 |    39 ||   146
       Dazzling Flash    |       |     3 |     8 |    53 ||    64
       Shock             |       |       |     8 |    87 ||    95
       Fulminant Prism   |       |       |     5 |    35 ||    40
       Iskenderun's Myst |       |       |     2 |    30 ||    32
       Static Discharge  |       |       |       |     6 ||     6
 Abil: Fly               |       |     1 |       |       ||     1
  Use: Scroll            |       |     2 |    10 |       ||    12
       Potion            |       |       |       |     1 ||     1
 Stab: Sleeping          |     2 |     3 |     3 |       ||     8
       Invisible         |       |       |       |     3 ||     3
  Eat: Chunk             |     4 |     7 |    19 |    20 ||    50
       Ration            |       |     1 |       |     2 ||     3
Armor: Robe              |     7 |     1 |     1 |       ||     9
       Leather armour    |       |       |     7 |    30 ||    37
Dodge: Dodged            |    24 |     8 |    51 |   117 ||   200
Block: Other             |       |     3 |     9 |       ||    12
       Buckler           |       |       |       |    40 ||    40

Table legend:
 A = Non-vault XP
 B = Vault XP
 C = Vault XP percentage of total XP
 D = Non-vault monster count
 E = Vault monster count
 F = Vault count percentage of total count
                 A         B        C        D         E       F
            +---------+---------+-------+---------+---------+-------
      Total |   10072 |    3011 |  23.0 |     231 |      27 |  10.5
            +---------+---------+-------+---------+---------+-------
        D:1 |      25 |       4 |  13.8 |      10 |       2 |  16.7
        D:2 |      78 |      34 |  30.4 |      19 |      10 |  34.5
        D:3 |     112 |      35 |  23.8 |      14 |       1 |   6.7
        D:4 |     635 |       0 |   0.0 |      28 |       0 |   0.0
        D:5 |     780 |      96 |  11.0 |      21 |       5 |  19.2
        D:6 |     590 |     663 |  52.9 |      22 |       1 |   4.3
        D:7 |     236 |       0 |   0.0 |      11 |       0 |   0.0
        D:8 |    2018 |       0 |   0.0 |      28 |       0 |   0.0
        D:9 |    2063 |       0 |   0.0 |      31 |       0 |   0.0
       D:10 |    2905 |    2179 |  42.9 |      36 |       8 |  18.2
       D:11 |     630 |       0 |   0.0 |      11 |       0 |   0.0
            +---------+---------+-------+---------+---------+-------
